Flames vs Avalanche

Created - February 7 2008 at 19:25

Goals
1 2 3 OT1 T
Flames 0 1 0 0 1
Avalanche 1 0 0 1 2
Shots
1 2 3 OT1 T
Flames 6 7 5 1 19
Avalanche 11 5 6 4 26

Period #1

1. Avalanche , Martin Straka 17 (Martin Rucinsky, Patrick Sharp) at 7:05

Penalties :
Joni Pitkanen (COL) for High sticking (Minor) at 0:08, Derek Armstrong (CGY) for Roughing (Double Minor) at 2:49, Dion Phaneuf (CGY) for Goalie Interference (Minor) at 3:51, Gary Roberts (COL) for Cross-checking (Minor) at 9:57

Period #2

2. Flames , Andrew Ference 4 (Marcus Nilson, Daymond Langkow) at 14:14 (SH)

Penalties :
Bill Guerin (CGY) for Tripping (Minor) at 0:50, Marcus Nilson (CGY) for Roughing (Double Minor) at 1:53, Patrick Sharp (COL) for Holding (Minor) at 4:11, Dion Phaneuf (CGY) for Hooking (Minor) at 7:41, Robyn Regehr (CGY) for Hooking (Minor) at 10:52, Robyn Regehr (CGY) for Roughing (Minor) at 13:17

Period #3

No Goal

Penalties :
Joni Pitkanen (COL) for Roughing (Minor) at 1:45, Robyn Regehr (CGY) for Hooking (Minor) at 5:34, Jaroslav Modry (CGY) for Delaying the game (Minor) at 8:19, Roman Hamrlik (CGY) for Hooking (Minor) at 9:23, Dion Phaneuf (CGY) for Holding Stick (Minor) at 17:03, Kristian Huselius (CGY) for Unsportsmanlike conduct (Major / Game Misconduct) at 19:43

Overtime #1

3. Avalanche , Jordan Leopold 1 (Patrick Sharp, Brett Mclean) at 4:06 (PP)

Penalties :
No Penalty

Goalie Stats

Miikka Kiprusoff (CGY), 24 saves from 26 shots - (0.923), OTL, 29-16-1, 64:07 minutes
Mike Smith (COL), 18 saves from 19 shots - (0.947), W, 16-21-7, 64:07 minutes

Players Stats

Flames
Player Name              G  A  P  +/- PIM S  H  SB FO MP 
-----------------------------------------------------------
Alex Tanguay             0  0  0   0  0   0  1  0  2  13 
Andrew Ference           1  0  1   0  0   1  1  1  0  21 
Bill Guerin              0  0  0   0  2   0  0  0  1  14 
Daymond Langkow          0  1  1   1  0   3  1  0  26 22 
Derek Armstrong          0  0  0  -1  4   2  1  0  7  16 
Dion Phaneuf             0  0  0   0  6   1  8  3  0  24 
Jarome Iginla            0  0  0   0  0   0  1  0  5  14 
Jaroslav Modry           0  0  0   1  2   0  0  1  0  25 
Jussi Jokinen            0  0  0  -1  0   0  1  0  0  11 
Kristian Huselius        0  0  0   0  15  8  0  0  2  16 
Marcus Nilson            0  1  1   1  4   1  0  0  1  14 
Marek Svatos             0  0  0  -1  0   0  0  0  1  14 
Matthew Lombardi         0  0  0   0  0   2  1  0  14 12 
Mike Johnson             0  0  0   0  0   1  3  1  2  14 
Rhett Warrener           0  0  0  -1  0   0  1  0  0  11 
Robyn Regehr             0  0  0   0  6   0  3  0  0  23 
Roman Hamrlik            0  0  0   0  2   0  0  0  0  25 
Stephane Yelle           0  0  0   0  0   0  1  1  22 16 
Avalanche
Player Name              G  A  P  +/- PIM S  H  SB FO MP 
-----------------------------------------------------------
Bill Thomas              0  0  0   0  0   1  1  0  1  21 
Brandon Bochenski        0  0  0   0  0   0  0  1  0  8  
Brett Mclean             0  1  1   0  0   1  0  0  10 14 
Craig Conroy             0  0  0   0  0   1  1  0  2  8  
Gary Roberts             0  0  0  -1  2   0  2  0  1  22 
Joni Pitkanen            0  0  0  -1  4   2  3  2  0  24 
Jordan Leopold           1  0  1   0  0   2  1  0  0  21 
Karlis Skrastins         0  0  0   1  0   0  1  0  0  13 
Keith Ballard            0  0  0  -1  0   2  1  2  0  25 
Kurt Sauer               0  0  0   1  0   1  4  1  0  20 
Martin Rucinsky          0  1  1   1  0   1  0  0  1  10 
Martin Straka            1  0  1   1  0   4  0  0  1  23 
Mike Modano              0  0  0  -1  0   2  1  0  32 25 
Patrick Sharp            0  2  2   1  2   3  1  0  28 23 
Peter Bondra             0  0  0  -1  0   0  0  0  0  8  
Randy Jones              0  0  0   0  0   1  1  0  0  25 
Sergei Brylin            0  0  0   0  0   1  1  1  2  14 
Wojtek Wolski            0  0  0   0  0   4  0  0  5  22 

3 Stars

1 - Mike Smith (COL)
2 - Patrick Sharp (COL)
3 - Martin Straka (COL)

Power Play

Flames - 0 on 4 Attempt(s) - 0.00%
Avalanche - 1 on 12 Attempt(s) - 8.33%

Penalty Kill

Flames - 11 on 12 Attempt(s) - 91.67% - Score 1 goal in Penalty Kill
Avalanche - 4 on 4 Attempt(s) - 100.00% - Score 0 goal in Penalty Kill

Game Notes

8:19 of 3rd period - Penalty Shot by Gary Roberts for Avalanche - Stopped by Miikka Kiprusoff
Kristian Huselius ejected from game at 19:43 of 3rd period

Finance

Level 1 -- Attendance: 4418 (73.63%) -- Ticket Income $397,620.00
Level 2 -- Attendance: 2778 (55.56%) -- Ticket Income $166,680.00
Level 3 -- Attendance: 1351 (67.31%) -- Ticket Income $47,285.00
Level 4 -- Attendance: 2390 (59.75%) -- Ticket Income $59,750.00
Luxury Box -- Attendance: 638 (63.80%) -- Ticket Income $127,600.00
Game was played at the Pepsi Center
Total Attendance: 11575 (64.28%)
Total Ticket Income: $846,365.10
Other Income: $122,292.30
Total Income: $968,657.00


Play by Play

Period #1

0:01 of 1st period - Daymond Langkow wins face-off versus Mike Modano in neutral zone.
0:03 of 1st period - Jarome Iginla is hit by Joni Pitkanen and loses puck.
0:08 of 1st period - Minor Penalty to Joni Pitkanen for High sticking.
0:09 of 1st period - Matthew Lombardi wins face-off versus Sergei Brylin in Avalanche zone.
0:19 of 1st period - Off-side.
0:20 of 1st period - Daymond Langkow wins face-off versus Mike Modano in neutral zone.
0:51 of 1st period - Shot by Brett Mclean.
0:51 of 1st period - Shot Blocked by Dion Phaneuf.
1:35 of 1st period - Icing by Kristian Huselius.
1:36 of 1st period - Matthew Lombardi wins face-off versus Brett Mclean in Flames zone.
1:57 of 1st period - Sergei Brylin is hit by Robyn Regehr and loses puck.
2:00 of 1st period - Shot by Sergei Brylin.
2:00 of 1st period - Stopped by Miikka Kiprusoff without a rebound.
2:01 of 1st period - Brett Mclean wins face-off versus Daymond Langkow in Flames zone.
2:02 of 1st period - Shot by Patrick Sharp.
2:02 of 1st period - Shot Misses the Net.
2:11 of 1st period - Jarome Iginla is hit by Kurt Sauer and loses puck.
2:14 of 1st period - Shot by Derek Armstrong.
2:14 of 1st period - Shot Blocked by Kurt Sauer.
2:34 of 1st period - Icing by Rhett Warrener.
2:35 of 1st period - Derek Armstrong wins face-off versus Craig Conroy in Flames zone.
2:49 of 1st period - Double Minor Penalty to Derek Armstrong for Roughing.
2:50 of 1st period - Stephane Yelle wins face-off versus Mike Modano in neutral zone.
3:35 of 1st period - Joni Pitkanen is hit by Dion Phaneuf and loses puck.
3:44 of 1st period - Shot by Patrick Sharp.
3:44 of 1st period - Shot Misses the Net.
3:46 of 1st period - Shot by Kurt Sauer.
3:46 of 1st period - Shot Misses the Net.
3:50 of 1st period - Shot by Martin Straka.
3:50 of 1st period - Shot Misses the Net.
3:51 of 1st period - Minor Penalty to Dion Phaneuf for Goalie Interference.
3:52 of 1st period - Patrick Sharp wins face-off versus Stephane Yelle in Flames zone.
3:57 of 1st period - Shot by Joni Pitkanen.
3:57 of 1st period - Stopped by Miikka Kiprusoff without a rebound.
3:58 of 1st period - Daymond Langkow wins face-off versus Mike Modano in Flames zone.
4:06 of 1st period - Off-side.
4:07 of 1st period - Stephane Yelle wins face-off versus Patrick Sharp in neutral zone.
4:26 of 1st period - Shot by Joni Pitkanen.
4:26 of 1st period - Shot Misses the Net.
4:28 of 1st period - Shot by Wojtek Wolski.
4:28 of 1st period - Stopped by Miikka Kiprusoff with a rebound.
5:31 of 1st period - Shot by Martin Straka.
5:31 of 1st period - Shot Misses the Net.
6:10 of 1st period - Shot by Randy Jones.
6:10 of 1st period - Stopped by Miikka Kiprusoff without a rebound.
6:11 of 1st period - Stephane Yelle wins face-off versus Mike Modano in Flames zone.
6:11 of 1st period - Stephane Yelle is hit by Mike Modano.
6:44 of 1st period - Mike Modano is hit by Mike Johnson and loses puck.
7:03 of 1st period - Shot by Martin Straka.
7:03 of 1st period - Deflect By Martin Rucinsky.
7:03 of 1st period - Shot Misses the Net.
7:05 of 1st period - Shot by Martin Straka.
7:05 of 1st period - Goal by Martin Straka - Flames : 0 - Avalanche : 1.
7:06 of 1st period - Matthew Lombardi wins face-off versus Bill Thomas in neutral zone.
7:26 of 1st period - Icing by Jordan Leopold.
7:27 of 1st period - Brett Mclean wins face-off versus Derek Armstrong in Avalanche zone.
7:52 of 1st period - Rhett Warrener is hit by Gary Roberts.
8:04 of 1st period - Shot by Martin Rucinsky.
8:04 of 1st period - Shot Misses the Net.
8:06 of 1st period - Shot by Karlis Skrastins.
8:06 of 1st period - Shot Misses the Net.
8:08 of 1st period - Shot by Kurt Sauer.
8:08 of 1st period - Stopped by Miikka Kiprusoff with a rebound.
8:12 of 1st period - Shot by Patrick Sharp.
8:12 of 1st period - Shot Blocked by Andrew Ference.
9:22 of 1st period - Icing by Jarome Iginla.
9:23 of 1st period - Daymond Langkow wins face-off versus Patrick Sharp in Flames zone.
9:47 of 1st period - Daymond Langkow is hit by Karlis Skrastins and loses puck.
9:56 of 1st period - Roman Hamrlik is hit by Gary Roberts and loses puck.
9:57 of 1st period - Minor Penalty to Gary Roberts for Cross-checking.
9:58 of 1st period - Matthew Lombardi wins face-off versus Mike Modano in Flames zone.
11:41 of 1st period - Shot by Dion Phaneuf.
11:41 of 1st period - Stopped by Mike Smith without a rebound.
11:42 of 1st period - Daymond Langkow wins face-off versus Patrick Sharp in Avalanche zone.
12:19 of 1st period - Shot by Derek Armstrong.
12:19 of 1st period - Stopped by Mike Smith without a rebound.
12:20 of 1st period - Patrick Sharp wins face-off versus Derek Armstrong in Avalanche zone.
12:20 of 1st period - Patrick Sharp is hit by Derek Armstrong.
12:26 of 1st period - Shot by Derek Armstrong.
12:26 of 1st period - Stopped by Mike Smith without a rebound.
12:27 of 1st period - Matthew Lombardi wins face-off versus Mike Modano in Avalanche zone.
12:41 of 1st period - Shot by Mike Modano.
12:41 of 1st period - Deflect By Martin Straka.
12:41 of 1st period - Stopped by Miikka Kiprusoff without a rebound.
12:42 of 1st period - Patrick Sharp wins face-off versus Stephane Yelle in Flames zone.
12:44 of 1st period - Gary Roberts is hit by Dion Phaneuf and loses puck.
12:55 of 1st period - Shot by Patrick Sharp.
12:55 of 1st period - Stopped by Miikka Kiprusoff with a rebound.
13:00 of 1st period - Patrick Sharp is hit by Dion Phaneuf.
13:44 of 1st period - Shot by Kristian Huselius.
13:44 of 1st period - Stopped by Mike Smith without a rebound.
13:45 of 1st period - Mike Modano wins face-off versus Marek Svatos in Avalanche zone.
13:59 of 1st period - Off-side.
14:00 of 1st period - Matthew Lombardi wins face-off versus Brett Mclean in neutral zone.
14:14 of 1st period - Icing by Robyn Regehr.
14:15 of 1st period - Matthew Lombardi wins face-off versus Mike Modano in Flames zone.
14:36 of 1st period - Shot by Bill Guerin.
14:36 of 1st period - Shot Misses the Net.
14:38 of 1st period - Shot by Matthew Lombardi.
14:38 of 1st period - Shot Misses the Net.
14:42 of 1st period - Shot by Kristian Huselius.
14:42 of 1st period - Stopped by Mike Smith without a rebound.
14:43 of 1st period - Patrick Sharp wins face-off versus Derek Armstrong in Avalanche zone.
15:51 of 1st period - Shot by Craig Conroy.
15:51 of 1st period - Stopped by Miikka Kiprusoff without a rebound.
15:52 of 1st period - Mike Modano wins face-off versus Jarome Iginla in Flames zone.
16:25 of 1st period - Shot by Mike Modano.
16:25 of 1st period - Stopped by Miikka Kiprusoff without a rebound.
16:26 of 1st period - Matthew Lombardi wins face-off versus Craig Conroy in Flames zone.
17:09 of 1st period - Shot by Brandon Bochenski.
17:09 of 1st period - Deflect By Wojtek Wolski.
17:09 of 1st period - Stopped by Miikka Kiprusoff without a rebound.
17:10 of 1st period - Martin Rucinsky wins face-off versus Stephane Yelle in Flames zone.
17:10 of 1st period - Karlis Skrastins is hit by Dion Phaneuf and loses puck.
17:52 of 1st period - Shot by Mike Johnson.
17:52 of 1st period - Shot Misses the Net.
19:20 of 1st period - Shot by Kristian Huselius.
19:20 of 1st period - Shot Blocked by Brandon Bochenski.
19:22 of 1st period - Shot by Matthew Lombardi.
19:22 of 1st period - Stopped by Mike Smith without a rebound.
19:23 of 1st period - Matthew Lombardi wins face-off versus Brett Mclean in Avalanche zone.
19:23 of 1st period - Kristian Huselius is hit by Randy Jones and loses puck.
19:34 of 1st period - Shot by Bill Guerin.
19:34 of 1st period - Shot Misses the Net.

Period #2

0:01 of 2nd period - Daymond Langkow wins face-off versus Mike Modano in neutral zone.
0:27 of 2nd period - Shot by Jarome Iginla.
0:27 of 2nd period - Deflect By Alex Tanguay.
0:27 of 2nd period - Shot Blocked by Joni Pitkanen.
0:33 of 2nd period - Mike Modano is hit by Alex Tanguay and loses puck.
0:37 of 2nd period - Icing by Jordan Leopold.
0:38 of 2nd period - Matthew Lombardi wins face-off versus Mike Modano in Avalanche zone.
0:50 of 2nd period - Minor Penalty to Bill Guerin for Tripping.
0:51 of 2nd period - Patrick Sharp wins face-off versus Daymond Langkow in neutral zone.
1:21 of 2nd period - Patrick Sharp is hit by Robyn Regehr and loses puck.
1:38 of 2nd period - Shot by Keith Ballard.
1:38 of 2nd period - Stopped by Miikka Kiprusoff without a rebound.
1:39 of 2nd period - Mike Modano wins face-off versus Stephane Yelle in Flames zone.
1:53 of 2nd period - Double Minor Penalty to Marcus Nilson for Roughing.
1:54 of 2nd period - Stephane Yelle wins face-off versus Wojtek Wolski in neutral zone.
2:51 of 2nd period - Shot by Martin Straka.
2:51 of 2nd period - Deflect By Wojtek Wolski.
2:51 of 2nd period - Shot Misses the Net.
3:09 of 2nd period - Peter Bondra is hit by Dion Phaneuf and loses puck.
3:25 of 2nd period - Shot by Keith Ballard.
3:25 of 2nd period - Shot Blocked by Dion Phaneuf.
3:29 of 2nd period - Shot by Peter Bondra.
3:29 of 2nd period - Shot Misses the Net.
3:44 of 2nd period - Icing by Jordan Leopold.
3:45 of 2nd period - Daymond Langkow wins face-off versus Patrick Sharp in Avalanche zone.
3:45 of 2nd period - Daymond Langkow is hit by Jordan Leopold.
4:11 of 2nd period - Minor Penalty to Patrick Sharp for Holding.
4:12 of 2nd period - Alex Tanguay wins face-off versus Brett Mclean in neutral zone.
4:31 of 2nd period - Shot by Alex Tanguay.
4:31 of 2nd period - Deflect By Kristian Huselius.
4:31 of 2nd period - Stopped by Mike Smith without a rebound.
4:32 of 2nd period - Mike Modano wins face-off versus Alex Tanguay in Avalanche zone.
5:04 of 2nd period - Shot by Kristian Huselius.
5:04 of 2nd period - Stopped by Mike Smith without a rebound.
5:05 of 2nd period - Gary Roberts wins face-off versus Jarome Iginla in Avalanche zone.
5:14 of 2nd period - Shot by Martin Straka.
5:14 of 2nd period - Shot Misses the Net.
5:44 of 2nd period - Mike Modano is hit by Jarome Iginla and loses puck.
6:22 of 2nd period - Icing by Andrew Ference.
6:23 of 2nd period - Derek Armstrong wins face-off versus Brett Mclean in Flames zone.
6:36 of 2nd period - Rhett Warrener is hit by Sergei Brylin.
7:18 of 2nd period - Shot by Patrick Sharp.
7:18 of 2nd period - Stopped by Miikka Kiprusoff without a rebound.
7:19 of 2nd period - Mike Modano wins face-off versus Daymond Langkow in Flames zone.
7:24 of 2nd period - Shot by Martin Straka.
7:24 of 2nd period - Shot Blocked by Dion Phaneuf.
7:26 of 2nd period - Shot by Mike Modano.
7:26 of 2nd period - Shot Misses the Net.
7:41 of 2nd period - Minor Penalty to Dion Phaneuf for Hooking.
7:42 of 2nd period - Daymond Langkow wins face-off versus Patrick Sharp in Flames zone.
7:48 of 2nd period - Icing by Martin Straka.
7:49 of 2nd period - Daymond Langkow wins face-off versus Patrick Sharp in Avalanche zone.
8:50 of 2nd period - Shot by Gary Roberts.
8:50 of 2nd period - Shot Blocked by Stephane Yelle.
10:04 of 2nd period - Derek Armstrong is hit by Kurt Sauer and loses puck.
10:26 of 2nd period - Icing by Karlis Skrastins.
10:27 of 2nd period - Patrick Sharp wins face-off versus Matthew Lombardi in Avalanche zone.
10:40 of 2nd period - Craig Conroy is hit by Matthew Lombardi and loses puck.
10:52 of 2nd period - Minor Penalty to Robyn Regehr for Hooking.
10:53 of 2nd period - Stephane Yelle wins face-off versus Mike Modano in Flames zone.
12:37 of 2nd period - Shot by Brett Mclean.
12:37 of 2nd period - Stopped by Miikka Kiprusoff with a rebound.
12:50 of 2nd period - Icing by Martin Straka.
12:51 of 2nd period - Patrick Sharp wins face-off versus Daymond Langkow in Avalanche zone.
12:58 of 2nd period - Patrick Sharp is hit by Daymond Langkow and loses puck.
13:16 of 2nd period - Patrick Sharp is hit by Robyn Regehr.
13:17 of 2nd period - Minor Penalty to Robyn Regehr for Roughing.
13:18 of 2nd period - Daymond Langkow wins face-off versus Mike Modano in Flames zone.
13:33 of 2nd period - Icing by Mike Modano.
13:34 of 2nd period - Jarome Iginla wins face-off versus Mike Modano in Avalanche zone.
13:44 of 2nd period - Icing by Joni Pitkanen.
13:45 of 2nd period - Stephane Yelle wins face-off versus Mike Modano in Avalanche zone.
13:53 of 2nd period - Icing by Peter Bondra.
13:54 of 2nd period - Stephane Yelle wins face-off versus Mike Modano in Avalanche zone.
14:12 of 2nd period - Shot by Daymond Langkow.
14:12 of 2nd period - Deflect By Marcus Nilson.
14:12 of 2nd period - Shot Blocked by Joni Pitkanen.
14:14 of 2nd period - Shot by Andrew Ference.
14:14 of 2nd period - Goal by Andrew Ference - Flames : 1 - Avalanche : 1.
14:15 of 2nd period - Stephane Yelle wins face-off versus Patrick Sharp in neutral zone.
14:32 of 2nd period - Daymond Langkow is hit by Patrick Sharp and loses puck.
14:41 of 2nd period - Shot by Wojtek Wolski.
14:41 of 2nd period - Stopped by Miikka Kiprusoff without a rebound.
14:42 of 2nd period - Stephane Yelle wins face-off versus Patrick Sharp in Flames zone.
14:53 of 2nd period - Shot by Joni Pitkanen.
14:53 of 2nd period - Stopped by Miikka Kiprusoff without a rebound.
14:54 of 2nd period - Stephane Yelle wins face-off versus Mike Modano in Flames zone.
16:17 of 2nd period - Jaroslav Modry is hit by Craig Conroy.
16:42 of 2nd period - Shot by Kristian Huselius.
16:42 of 2nd period - Stopped by Mike Smith without a rebound.
16:43 of 2nd period - Mike Modano wins face-off versus Stephane Yelle in Avalanche zone.
16:48 of 2nd period - Shot by Martin Straka.
16:48 of 2nd period - Deflect By Mike Modano.
16:48 of 2nd period - Shot Misses the Net.
16:52 of 2nd period - Shot by Martin Straka.
16:52 of 2nd period - Shot Blocked by Mike Johnson.
16:54 of 2nd period - Shot by Martin Straka.
16:54 of 2nd period - Shot Misses the Net.
17:20 of 2nd period - Shot by Mike Johnson.
17:20 of 2nd period - Stopped by Mike Smith with a rebound.
17:50 of 2nd period - Icing by Karlis Skrastins.
17:51 of 2nd period - Derek Armstrong wins face-off versus Patrick Sharp in Avalanche zone.
17:51 of 2nd period - Derek Armstrong is hit by Kurt Sauer.
18:04 of 2nd period - Jussi Jokinen is hit by Kurt Sauer and loses puck.
18:30 of 2nd period - Marek Svatos is hit by Keith Ballard.
18:46 of 2nd period - Keith Ballard is hit by Jussi Jokinen.
19:07 of 2nd period - Mike Modano is hit by Rhett Warrener and loses puck.
19:48 of 2nd period - Shot by Bill Guerin.
19:48 of 2nd period - Shot Misses the Net.
19:52 of 2nd period - Shot by Kristian Huselius.
19:52 of 2nd period - Stopped by Mike Smith with a rebound.
19:56 of 2nd period - Shot by Matthew Lombardi.
19:56 of 2nd period - Stopped by Mike Smith without a rebound.
19:57 of 2nd period - Patrick Sharp wins face-off versus Daymond Langkow in Avalanche zone.

Period #3

0:01 of 3rd period - Patrick Sharp wins face-off versus Derek Armstrong in neutral zone.
0:32 of 3rd period - Shot by Gary Roberts.
0:32 of 3rd period - Shot Misses the Net.
0:36 of 3rd period - Shot by Gary Roberts.
0:36 of 3rd period - Deflect By Patrick Sharp.
0:36 of 3rd period - Shot Misses the Net.
0:40 of 3rd period - Shot by Martin Rucinsky.
0:40 of 3rd period - Stopped by Miikka Kiprusoff without a rebound.
0:41 of 3rd period - Brett Mclean wins face-off versus Stephane Yelle in Flames zone.
1:05 of 3rd period - Bill Thomas is hit by Mike Johnson and loses puck.
1:18 of 3rd period - Shot by Brett Mclean.
1:18 of 3rd period - Shot Misses the Net.
1:20 of 3rd period - Shot by Bill Thomas.
1:20 of 3rd period - Stopped by Miikka Kiprusoff without a rebound.
1:21 of 3rd period - Jarome Iginla wins face-off versus Mike Modano in Flames zone.
1:21 of 3rd period - Jarome Iginla is hit by Bill Thomas.
1:34 of 3rd period - Icing by Martin Straka.
1:35 of 3rd period - Mike Modano wins face-off versus Daymond Langkow in Avalanche zone.
1:43 of 3rd period - Alex Tanguay is hit by Joni Pitkanen and loses puck.
1:45 of 3rd period - Minor Penalty to Joni Pitkanen for Roughing.
1:46 of 3rd period - Matthew Lombardi wins face-off versus Brett Mclean in Avalanche zone.
1:53 of 3rd period - Shot by Bill Guerin.
1:53 of 3rd period - Deflect By Kristian Huselius.
1:53 of 3rd period - Shot Misses the Net.
1:55 of 3rd period - Shot by Kristian Huselius.
1:55 of 3rd period - Stopped by Mike Smith without a rebound.
1:56 of 3rd period - Matthew Lombardi wins face-off versus Mike Modano in Avalanche zone.
2:35 of 3rd period - Shot by Kristian Huselius.
2:35 of 3rd period - Shot Blocked by Keith Ballard.
2:37 of 3rd period - Shot by Jaroslav Modry.
2:37 of 3rd period - Shot Blocked by Keith Ballard.
3:55 of 3rd period - Jarome Iginla is hit by Joni Pitkanen and loses puck.
3:58 of 3rd period - Shot by Daymond Langkow.
3:58 of 3rd period - Stopped by Mike Smith without a rebound.
3:59 of 3rd period - Wojtek Wolski wins face-off versus Daymond Langkow in Avalanche zone.
4:28 of 3rd period - Icing by Dion Phaneuf.
4:29 of 3rd period - Mike Modano wins face-off versus Daymond Langkow in Flames zone.
5:22 of 3rd period - Shot by Kristian Huselius.
5:22 of 3rd period - Stopped by Mike Smith with a rebound.
5:34 of 3rd period - Minor Penalty to Robyn Regehr for Hooking.
5:35 of 3rd period - Wojtek Wolski wins face-off versus Mike Johnson in Flames zone.
5:41 of 3rd period - Sergei Brylin is hit by Andrew Ference and loses puck.
6:14 of 3rd period - Shot by Marcus Nilson.
6:14 of 3rd period - Stopped by Mike Smith with a rebound.
6:31 of 3rd period - Icing by Wojtek Wolski.
6:32 of 3rd period - Sergei Brylin wins face-off versus Daymond Langkow in Avalanche zone.
6:41 of 3rd period - Shot by Daymond Langkow.
6:41 of 3rd period - Stopped by Mike Smith without a rebound.
6:42 of 3rd period - Patrick Sharp wins face-off versus Stephane Yelle in Avalanche zone.
6:42 of 3rd period - Patrick Sharp is hit by Stephane Yelle.
6:47 of 3rd period - Jordan Leopold is hit by Mike Johnson.
6:53 of 3rd period - Shot by Jordan Leopold.
6:53 of 3rd period - Stopped by Miikka Kiprusoff without a rebound.
6:54 of 3rd period - Patrick Sharp wins face-off versus Daymond Langkow in Flames zone.
7:36 of 3rd period - Icing by Gary Roberts.
7:37 of 3rd period - Mike Modano wins face-off versus Kristian Huselius in Avalanche zone.
8:19 of 3rd period - Minor Penalty to Jaroslav Modry for Delaying the game.
8:19 of 3rd period - Penalty Shot by Gary Roberts for Avalanche.
8:19 of 3rd period - Stopped by Miikka Kiprusoff.
8:20 of 3rd period - Daymond Langkow wins face-off versus Brett Mclean in Flames zone.
9:23 of 3rd period - Minor Penalty to Roman Hamrlik for Hooking.
9:24 of 3rd period - Patrick Sharp wins face-off versus Stephane Yelle in Flames zone.
9:33 of 3rd period - Shot by Randy Jones.
9:33 of 3rd period - Shot Misses the Net.
10:12 of 3rd period - Icing by Sergei Brylin.
10:13 of 3rd period - Daymond Langkow wins face-off versus Mike Modano in Avalanche zone.
10:19 of 3rd period - Off-side.
10:20 of 3rd period - Kristian Huselius wins face-off versus Patrick Sharp in neutral zone.
12:02 of 3rd period - Icing by Sergei Brylin.
12:03 of 3rd period - Mike Modano wins face-off versus Daymond Langkow in Avalanche zone.
12:28 of 3rd period - Shot by Martin Straka.
12:28 of 3rd period - Stopped by Miikka Kiprusoff without a rebound.
12:29 of 3rd period - Wojtek Wolski wins face-off versus Bill Guerin in Flames zone.
13:24 of 3rd period - Shot by Marek Svatos.
13:24 of 3rd period - Shot Misses the Net.
13:26 of 3rd period - Shot by Dion Phaneuf.
13:26 of 3rd period - Shot Blocked by Sergei Brylin.
13:47 of 3rd period - Shot by Alex Tanguay.
13:47 of 3rd period - Shot Misses the Net.
15:49 of 3rd period - Shot by Mike Modano.
15:49 of 3rd period - Stopped by Miikka Kiprusoff without a rebound.
15:50 of 3rd period - Mike Modano wins face-off versus Matthew Lombardi in Flames zone.
16:54 of 3rd period - Shot by Martin Straka.
16:54 of 3rd period - Shot Misses the Net.
17:03 of 3rd period - Minor Penalty to Dion Phaneuf for Holding Stick.
17:04 of 3rd period - Wojtek Wolski wins face-off versus Stephane Yelle in Flames zone.
17:34 of 3rd period - Icing by Wojtek Wolski.
17:35 of 3rd period - Mike Johnson wins face-off versus Patrick Sharp in Avalanche zone.
17:43 of 3rd period - Off-side.
17:44 of 3rd period - Marcus Nilson wins face-off versus Mike Modano in neutral zone.
18:40 of 3rd period - Off-side.
18:41 of 3rd period - Patrick Sharp wins face-off versus Daymond Langkow in neutral zone.
18:48 of 3rd period - Shot by Wojtek Wolski.
18:48 of 3rd period - Shot Misses the Net.
18:50 of 3rd period - Shot by Wojtek Wolski.
18:50 of 3rd period - Shot Misses the Net.
18:56 of 3rd period - Shot by Martin Straka.
18:56 of 3rd period - Stopped by Miikka Kiprusoff with a rebound.
19:05 of 3rd period - Wojtek Wolski is hit by Dion Phaneuf and loses puck.
19:17 of 3rd period - Martin Straka is hit by Dion Phaneuf and loses puck.
19:29 of 3rd period - Peter Bondra is hit by Dion Phaneuf and loses puck.
19:43 of 3rd period - Major / Game Misconduct Penalty to Kristian Huselius for Unsportsmanlike conduct.
19:43 of 3rd period - Kristian Huselius is ejected from game.
19:44 of 3rd period - Patrick Sharp wins face-off versus Stephane Yelle in Avalanche zone.

Overtime #1

0:01 of 1st overtime period - Stephane Yelle wins face-off versus Patrick Sharp in neutral zone.
0:30 of 1st overtime period - Shot by Patrick Sharp.
0:30 of 1st overtime period - Stopped by Miikka Kiprusoff without a rebound.
0:31 of 1st overtime period - Mike Modano wins face-off versus Stephane Yelle in Flames zone.
0:50 of 1st overtime period - Shot by Wojtek Wolski.
0:50 of 1st overtime period - Stopped by Miikka Kiprusoff with a rebound.
0:52 of 1st overtime period - Shot by Keith Ballard.
0:52 of 1st overtime period - Stopped by Miikka Kiprusoff without a rebound.
0:53 of 1st overtime period - Daymond Langkow wins face-off versus Patrick Sharp in Flames zone.
1:28 of 1st overtime period - Icing by Patrick Sharp.
1:29 of 1st overtime period - Daymond Langkow wins face-off versus Martin Straka in Avalanche zone.
3:50 of 1st overtime period - Shot by Daymond Langkow.
3:50 of 1st overtime period - Stopped by Mike Smith without a rebound.
3:51 of 1st overtime period - Patrick Sharp wins face-off versus Jarome Iginla in Avalanche zone.
4:00 of 1st overtime period - Shot by Brett Mclean.
4:00 of 1st overtime period - Shot Misses the Net.
4:02 of 1st overtime period - Shot by Jordan Leopold.
4:02 of 1st overtime period - Shot Blocked by Jaroslav Modry.
4:04 of 1st overtime period - Shot by Patrick Sharp.
4:04 of 1st overtime period - Shot Misses the Net.
4:06 of 1st overtime period - Shot by Jordan Leopold.
4:06 of 1st overtime period - Goal by Jordan Leopold - Flames : 1 - Avalanche : 2.


Output by the SimonT Hockey Simulator (STHS) for Stephane Roy -- Original Page W3C XHTML 1.0 Valid